 Dungeon Crawl Stone Soup version 0.17.1-1-g73c8601 (webtiles) character file.

73 Nopony the Magician (level 4, -1/24 HPs)
             Began as a Deep Elf Wizard on Dec 13, 2015.
             Was a Follower of Qazlal.
             Slain by an orc wizard
             ... wielding a +0 dagger
              (2 damage)
             ... on level 3 of the Dungeon.
             The game lasted 00:16:19 (2682 turns).

Nopony the Magician (Deep Elf Wizard)               Turns: 2682, Time: 00:16:19

Health: -1/24      AC:  2    Str:  4    XL:     4   Next: 8%
Magic:  7/14       EV: 12    Int: 24    God:    Qazlal [*.....]
Gold:   117        SH:  1    Dex: 13    Spells: 4 memorised, 7 levels left

rFire  . . .     SeeInvis +     (no weapon)
rCold  . . .     Clarity  .     a - +0 robe
rNeg   . . .     SustAt   .     (no shield)
rPois  +         Gourm    .     b - +0 hat
rElec  .         Spirit   .     (no cloak)
rCorr  .         Warding  .     (no gloves)
rMut   .         Stasis   .     (no boots)
MR     .....                    (no amulet)
Stlth  ++........               o - ring of poison resistance
                                k - ring of see invisible

@: not resistant to hostile enchantments, unstealthy
A: no striking features
a: Renounce Religion


You were on level 3 of the Dungeon.
You worshipped Qazlal.
Qazlal was aware of your devotion.
You were not hungry.

You visited 1 branch of the dungeon, and saw 3 of its levels.

You collected 117 gold pieces.

Inventory:

Armour
 a - a +0 robe (worn)
 b - a +0 hat (worn)
Jewellery
 k - a ring of see invisible (left hand)
 o - a ring of poison resistance (right hand)
 p - an uncursed ring of stealth
Scrolls
 e - a scroll of remove curse {unknown}
 l - a scroll of fog {unknown}
 m - a scroll of magic mapping {unknown}
Potions
 h - a potion of haste {unknown}
 i - 2 potions of brilliance
 j - a potion of agility {unknown}
 n - a potion of heal wounds {unknown}
Books
 c - a book of Minor Magic

   Spells                             Type                      Level
   a - Magic Dart                     Conjuration                  1
   b - Blink                          Translocation                2
   c - Call Imp                       Summoning                    2
   d - Repel Missiles                 Charms/Air                   2
   e - Slow                           Hexes                        2
   f - Conjure Flame                  Conjuration/Fire             3
   g - Mephitic Cloud                 Conjuration/Poison/Air       3
Comestibles
 d - 2 bread rations
 g - 3 meat rations


   Skills:
 - Level 2.4 Dodging
 - Level 2.4 Stealth
 + Level 6.1 Spellcasting
 * Level 1.7 Conjurations
 * Level 1.5 Summonings
 * Level 1.7 Translocations
 * Level 0.4 Air Magic


You had 7 spell levels left.
You knew the following spells:

 Your Spells              Type           Power        Failure   Level  Hunger
a - Magic Dart            Conj           ###.         4%          1    None
b - Blink                 Tloc           N/A          8%          2    None
c - Call Imp              Summ           ##......     8%          2    None
d - Mephitic Cloud        Conj/Pois/Air  ##......     21%         3    #......


Dungeon Overview and Level Annotations

Branches:
Dungeon (3/15)

Altars:
Cheibriados
Dithmenos
Qazlal
Sif Muna
Xom
Yredelemnul


Message History

The orc wizard gestures at you while chanting.
The magic dart hits you!
Casting: Blink
Confirm with . or Enter, or press ? or * to list all spells.
You blink.
The orc wizard hits you with a dagger.
The orc wizard gestures at you while chanting.
You resist with some effort. The orc wizard casts a spell at you.
The magic dart hits you!
* * * LOW HITPOINT WARNING * * *
The orc wizard casts a spell at you. The magic dart hits you!
* * * LOW HITPOINT WARNING * * *
Number of times to repeat, then command key: You must enter the number of times for the command to repeat.
The orc wizard casts a spell.
The orc wizard blinks!
The orc wizard hits you with a dagger.
You die...

#........o..o.#
#.#########...#
#.# #......#
#.# #.##..##
#.# #§##..# #.#
##.##..# #.#
#.§)...#
#.#####§o###.#
#.....[@÷÷...#
#######..#####
#..# #..# #..#
#..# #..# #..#


You could see an orc wizard.

Vanquished Creatures
  A gnoll (D:1)
  A giant gecko (D:2)
  An orc (D:3)
  7 bats
  2 giant cockroaches (D:1)
  A hobgoblin (D:2)
  6 giant newts
  4 goblins
  3 jackals (D:2)
  5 kobolds
  2 rats (D:1)
33 creatures vanquished.

Vanquished Creatures (collateral kills)
  An orc wizard (D:3)
  An adder (D:3)
  7 orcs (D:3)
  A bat (D:3)
  A hobgoblin (D:2)
  A jackal (D:2)
12 creatures vanquished.

Grand Total: 45 creatures vanquished

Notes
Turn   | Place    | Note
--------------------------------------------------------------
     0 | D:1      | Nopony the Deep Elf Wizard began the quest for the Orb.
     0 | D:1      | Reached XP level 1. HP: 10/10 MP: 7/7
   189 | D:1      | Reached skill level 5 in Spellcasting
   189 | D:1      | Reached XP level 2. HP: 3/15 MP: 5/10
   194 | D:1      | Learned a level 2 spell: Blink
   720 | D:1      | Found a snail-covered altar of Cheibriados.
  1239 | D:2      | Reached XP level 3. HP: 17/19 MP: 6/12
  1287 | D:2      | Found a stormy altar of Qazlal.
  1432 | D:2      | Became a worshipper of Qazlal Stormbringer
  1447 | D:2      | Found a deep blue altar of Sif Muna.
  1452 | D:2      | Found a basalt altar of Yredelemnul.
  1453 | D:2      | Found a shadowy altar of Dithmenos.
  1453 | D:2      | Found a shimmering altar of Xom.
  1589 | D:2      | Found a stormy altar of Qazlal.
  1625 | D:2      | Learned a level 2 spell: Call Imp
  1629 | D:2      | Learned a level 3 spell: Mephitic Cloud
  2355 | D:3      | Reached skill level 6 in Spellcasting
  2544 | D:3      | Reached XP level 4. HP: 24/24 MP: 7/14
  2555 | D:3      | Reached * piety under Qazlal
  2677 | D:3      | HP: 1/24 [orc wizard/magic dart (5)]
  2682 | D:3      | Slain by an orc wizard

Action                   |  1- 3 |  4- 6 || total
-------------------------+-------+-------++-------
Melee: Unarmed           |     5 |       ||     5
 Cast: Magic Dart        |    69 |     3 ||    72
       Call Imp          |     7 |     1 ||     8
       Mephitic Cloud    |     3 |     1 ||     4
       Blink             |       |     2 ||     2
  Use: Scroll            |     2 |       ||     2
  Eat: Meat ration       |     1 |       ||     1
